 Dungeon Crawl Stone Soup version 0.30-a0-879-ga8ba668304 (webtiles) character file.

Game seed: 4819645460898229830

66640 OhDinosaurWizard the Basher (level 14, 0/113 HPs)
             Began as a Demonspawn Gladiator on Mar 12, 2023.
             Was a High Priest of Kikubaaqudgha.
             Slain by a tarantella (11 damage)
             ... led by a torpor snail
             ... on level 2 of the Spider Nest on Mar 13, 2023.
             The game lasted 03:36:52 (21412 turns).

OhDinosaurWizard the Basher (Demonspawn Gladiator) Turns: 21412, Time: 03:36:52

Health: 0/113      AC: 32    Str: 28    XL:     14   Next: 80%
Magic:  14/14      EV: 13    Int: 13    God:    Kikubaaqudgha [*****.]
Gold:   816        SH:  0    Dex: 15    Spells: 7/13 levels left

rFire   . . .      SeeInvis .    s - +6 flail (freeze)
rCold   . . .      Faith    .    (no shield)
rNeg    . . .      Spirit   .    z - +9 chain mail of Grace {Str+3 Int+3}
rPois   .          Reflect  .    c - +2 helmet
rElec   .          Rampage  .    (cloak unavailable)
rCorr   .                        C - +2 pair of gloves
Will    +....                    (boots unavailable) Stlth
                                 (no amulet)
HPRegen 0.38/turn                U - +4 ring of protection
MPRegen 0.28/turn                i - +6 ring of strength

@: confused, brilliant, slowed, studying Dodging, very slow
A: hooves 3, ignite blood 2, augmentation 1, magic regeneration, weakness
stinger 3, demonic touch 2
a: Renounce Religion, Unearth Wretches, Torment


You were on level 2 of the Spider Nest.
You worshipped Kikubaaqudgha.
Kikubaaqudgha was extremely pleased with you.
You visited 4 branches of the dungeon, and saw 16 of its levels.
You also visited: Sewer and Bailey.

You collected 929 gold pieces.
You spent 113 gold pieces at shops.

Inventory:

Hand Weapons
 f - a +3 war axe
 g - a +5 spear
 m - a +1 rapier of venom
 s - a +6 flail of freezing (weapon)
 F - a +3 spectral long sword
 I - a +2 spear of distortion
 P - a +2 rapier of electrocution
 W - a +3 hand axe
 X - a +2 heavy war axe
Missiles
 d - 6 throwing nets
 K - 20 poisoned darts
 L - 3 javelins
Armour
 c - a +2 helmet (worn)
 q - the +0 hat of Vehumet's Generosity {rC+ Str+3 Int-5}
   (You acquired it on level 2 of the Lair of Beasts)

   Str:       It affects your strength (+3).
   Int:       It affects your intelligence (-5).
   rC:        It protects you from cold.
 z - the +9 chain mail of Grace (worn) {Str+3 Int+3}
   (You found it on level 4 of the Dungeon)

   Str:       It affects your strength (+3).
   Int:       It affects your intelligence (+3).
 C - a +2 pair of gloves (worn)
 R - a +2 pair of gloves
Jewellery
 a - a +6 ring of intelligence
 b - a ring of protection from fire
 i - a +6 ring of strength (right hand)
 N - a ring of magical power
 U - a +4 ring of protection (left hand)
Wands
 e - a wand of roots (11)
 x - a wand of flame (9)
 E - a wand of paralysis (18) (quivered)
 O - a wand of light (12)
Scrolls
 p - 2 scrolls of immolation
 r - a scroll of torment {unknown}
 t - a scroll of acquirement
 y - 3 scrolls of vulnerability
 A - 2 scrolls of poison
 B - a scroll of butterflies
 G - 2 scrolls of enchant weapon
 Q - 2 scrolls of silence {unknown}
 S - a scroll of magic mapping
 V - 2 scrolls of amnesia
 Y - a scroll of blinking
Potions
 h - 4 potions of mutation
 j - a potion of lignification
 k - 2 potions of attraction
 l - a potion of magic
 o - 5 potions of berserk rage
 v - a potion of brilliance
 w - a potion of might
 D - a potion of haste
 H - a potion of invisibility {unknown}
 J - a potion of cancellation {unknown}
 M - a potion of flight
Miscellaneous
 n - a condenser vane
 T - a phantom mirror


   Skills:
 + Level 11.3 Fighting
 + Level 6.2 Long Blades
 + Level 1.7(9.4) Axes
 + Level 14.3(14.4) Maces & Flails
 + Level 4.1 Throwing
 + Level 12.0 Armour
 + Level 9.1 Dodging
 + Level 4.5 Stealth
 + Level 4.0 Necromancy
 + Level 5.8 Evocations


You had 7 spell levels left.
You knew the following spells:

 Your Spells              Type           Power      Damage    Failure   Level
a - Necrotise             Necr           60%        1d7       24%         1
b - Sublimation of Blood  Necr           15%        N/A       34%         2
c - Vampiric Draining     Necr           15%        2d7       56%         3

Your spell library contained the following spells:

 Spells                   Type           Power      Damage    Failure   Level
 Cigotuvi's Dreadful Rot  Necr/Pois/Air  10%        N/A       71%         2
 Beastly Appendage        Tmut           0%         N/A       77%         1
 Shock                    Conj/Air       0%         1d3       77%         1
 Sting                    Tmut/Pois      0%         1d3       77%         1
 Lesser Beckoning         Tloc           0%         N/A       88%         2
 Poisonous Vapours        Pois/Air       0%         N/A       88%         2
 Wereblood                Tmut           0%         N/A       88%         2
 Gell's Gravitas          Tloc           0%         N/A       98%         3
 Spider Form              Tmut/Pois      0%         N/A       98%         3
 Swiftness                Air            0%         N/A       98%         3
 Teleport Other           Tloc           0%         N/A       98%         3
 Airstrike                Air            0%         2d(0-16)  100%        4
 Olgreb's Toxic Radiance  Pois           0%         N/A       100%        4
 Agony                    Necr           15%        N/A       100%        5
 Alistair's Intoxication  Tmut/Pois      0%         N/A       100%        5
 Borgnjor's Vile Clutch   Necr/Erth      3%         N/A       100%        5
 Death Channel            Necr           7%         N/A       100%        6
 Eringya's Noxious Bog    Tmut/Pois      0%         N/A       100%        6
 Simulacrum               Ice/Necr       3%         N/A       100%        6


Dungeon Overview and Level Annotations

Branches:
Dungeon (10/15)            Temple (1/1) D:6            Lair (3/5) D:8
  Swamp (0/4) Lair:3       Spider (2/4) Lair:3        Sewer (visited)
 Bailey (visited)
    Orc: D:9-12

Altars:
Ashenzari
Cheibriados
Dithmenos
Fedhas
Gozag
Hepliaklqana
Kikubaaqudgha
Makhleb
Nemelex Xobeh
Okawaru
Qazlal
Ru
Sif Muna
Trog
Uskayaw
Vehumet
Wu Jian
Xom
Yredelemnul

Shops:
D:4 !   D:8 *


Innate Abilities, Weirdness & Mutations

You have hooves in place of feet.
Your demonic aura often causes spilled blood to erupt in flames.
Your magical and physical power is slightly enhanced at high health.
You regenerate magic rapidly.
You have a sharp stinger which inflicts weakening toxins.
Your touch may inflict irresistible damage on your foes.


Message History

The tarantella is engulfed in blazing flames.
The tarantella touches you but does no damage.
The wolf spider is engulfed in blazing flames.
You kill the wolf spider!
Kikubaaqudgha accepts your kill.
You are too confused!
You miss the tarantella. Your kick misses the tarantella.
Your tail-slap misses the tarantella.
The tarantella is severely wounded.
The tarantella is engulfed in blazing flames.
The tarantella touches you but does no damage.
The jumping spider pounces on you but does no damage.
The jumping spider misses you.
The tarantella touches you but does no damage. x2
The tarantella is engulfed in blazing flames.
The tarantella touches you but does no damage.
The jumping spider pounces on you but does no damage.
The jumping spider barely misses you.
You are too confused!
You're too confused to move!
The tarantella misses you. x2
The tarantella touches you but does no damage.
The jumping spider pounces on you but does no damage.
The jumping spider misses you. The tarantella barely misses you. x2
The tarantella touches you!
* * * LOW HITPOINT WARNING * * *
The jumping spider pounces on you but does no damage.
The jumping spider closely misses you.
The tarantella touches you but does no damage.
It was a potion of brilliance.
You feel clever all of a sudden.
The tarantella is no longer weakened.
The tarantella barely misses you.
The tarantella touches you but does no damage.
The jumping spider barely misses you.
The jumping spider bites you but does no damage.
The tarantella closely misses you. x2
The tarantella touches you but does no damage.
The jumping spider barely misses you. The jumping spider misses you.
The tarantella touches you!
You die...
Kikubaaqudgha rasps: "You have failed me!
Welcome... death!"

#.......#.....##
#.......#....## )...
#......##....# ....#
^......#...##### ###....#
.......#.......# #......##.
.......#.#.....###.##.....$
...##..####....#...#.$.....
....#...###...^#.s#.....#..
#..##....#....^s@sw.^......
#####....##.#..s.†.....^...
##.....####.†.....##....
#......# ###....## .s
#......## #....# ##......#
##..†## ##.....# #...##
##....## #..## #.....# #.##


You could see a torpor snail, a jumping spider and 3 tarantellas.

Vanquished Creatures
  Nikola (Spider:1)
  Gastronok (Lair:3)
  3 emperor scorpions
  Harold (D:9)
  2 radroaches
  3 hydras
  Erolcha (D:9)
  A two-headed ogre (D:8)
  A boulder beetle (Spider:1)
  A death yak (Lair:1)
  Sonja (Lair:3)
  3 sun moths (Spider:2)
  A pharaoh ant (Spider:1)
  3 orb spiders
  Pikel (D:6)
  The ghost of Newt the Basher, a novice KoHu of Makhleb (D:7)
  2 lindwurms (Lair:3)
  3 steelbarb worms
  An oklob plant (Lair:2)
  6 wolf spiders
  2 moths of wrath
  8 elephants
  4 torpor snails
  5 black mambas
  3 demonic crawlers (Spider:2)
  6 cane toads
  2 rime drakes
  2 kobold demonologists (Bailey)
  10 komodo dragons
  3 meliai (Spider:2)
  19 tarantellas
  Prince Ribbit (D:9)
  A hornet (Lair:3)
  A blink frog (Lair:1)
  12 culicivoras
  17 jumping spiders
  A shadow (D:9)
  A steam dragon (D:7)
  35 yaks
  2 basilisks
  4 wyverns
  15 redbacks
  2 swamp worms (Lair:3)
  Duvessa (D:6)
  9 water moccasins
  3 black bears
  3 ice beasts
  2 sky beasts
  15 orc warriors
  13 wolves
  4 centaurs
  3 phantoms
  4 kobold brigands
  A gnoll sergeant (D:6)
  15 bullfrogs
  A wyvern zombie (D:5)
  A water moccasin zombie (D:5)
  2 scorpions
  Dowan (D:6)
  A water moccasin skeleton (D:5)
  7 wights
  7 killer bees
  6 electric eels
  4 howler monkeys
  A bullfrog zombie (D:5)
  A centaur zombie (D:5)
  2 jellies
  3 orc priests
  3 gnoll boudas
  A bullfrog skeleton (D:5)
  2 sleepcaps
  5 iguanas
  8 orc wizards
  A scorpion zombie (D:5)
  4 hell rats (Lair:3)
  3 killer bee zombies (D:5)
  A hound zombie (D:5)
  A hound skeleton (D:5)
  Robin (D:2)
  25 gnolls
  17 adders
  8 river rats (Sewer)
  2 shadow imps
  3 white imps
  2 ufetubi (D:5)
  An adder zombie (D:5)
  2 worms
  A dart slug (D:4)
  41 orcs
  5 endoplasms
  12 giant cockroaches
  18 goblins
  14 hobgoblins
  10 jackals
  6 quokkas
  14 ball pythons
  11 bats
  3 frilled lizards (Sewer)
  26 kobolds
  5 rats
  A spectral kobold (D:8)
560 creatures vanquished.

Vanquished Creatures (others)
  A boulder beetle (Lair:1)
  A komodo dragon (Lair:3)
  A polar bear (Lair:3)
  A yak (Lair:1)
  A bullfrog (Lair:3)
  A killer bee (D:9)
  2 hounds
  An orc wizard (D:7)
  A dart slug (D:9)
  An orc (D:7)
  A hobgoblin (D:7)
  A bat (D:7)
  20 fungi
  64 plants
  10 withered plants (D:5)
107 creatures vanquished.

Grand Total: 667 creatures vanquished

Notes
Turn   | Place    | Note
-------+----------+-------------------------------------------
     0 | D:1      | OhDinosaurWizard the Demonspawn Gladiator began the quest
                  | for the Orb.
     0 | D:1      | Reached XP level 1. HP: 16/16 MP: 1/1
   199 | D:1      | Discovered your monstrous ancestry.
   199 | D:1      | Gained mutation: You have large cloven feet. [demonic
                  | ancestry]
   199 | D:1      | Reached XP level 2. HP: 13/22 MP: 2/2
   465 | D:1      | Gained mutation: You have a small tail. [demonic ancestry]
   465 | D:1      | Reached XP level 3. HP: 26/27 MP: 3/3
  1014 | D:2      | Reached skill level 1 in Armour
  1724 | D:2      | Gained mutation: You have a tail ending in a sharp stinger.
                  | [demonic ancestry]
  1724 | D:2      | Reached XP level 4. HP: 34/34 MP: 4/4
  2536 | D:2      | Noticed Robin
  2560 | D:2      | Killed Robin
  2883 | D:3      | Found the +2 ratskin cloak {*Rats rPois rN+ Str-1 Int-1
                  | Dex+1}
  3020 | D:3      | Gained mutation: You have a sharp stinger which inflicts
                  | weakening toxins. [demonic ancestry]
  3020 | D:3      | Reached XP level 5. HP: 39/39 MP: 5/5
  3257 | D:3      | Found a glowing drain.
  3261 | Sewer    | Entered a sewer
  3577 | Sewer    | Reached skill level 1 in Maces & Flails
  3661 | Sewer    | Gained mutation: You regenerate magic rapidly. [demonic
                  | ancestry]
  3661 | Sewer    | Reached XP level 6. HP: 30/46 MP: 6/6
  4665 | D:4      | Identified the +9 chain mail of Grace {Str+3 Int+3}
  4825 | D:4      | Found Deuh's Distillery.
  4828 | D:4      | Bought a potion of heal wounds for 65 gold pieces
  4865 | D:4      | Reached skill level 2 in Maces & Flails
  5031 | D:4      | Gained mutation: You have hoof-like feet. [demonic
                  | ancestry]
  5031 | D:4      | Reached XP level 7. HP: 52/52 MP: 7/7
  5414 | D:5      | Entered Level 5 of the Dungeon
  5513 | D:5      | Reached skill level 3 in Maces & Flails
  5556 | D:5      | Reached skill level 4 in Maces & Flails
  5674 | D:5      | Reached XP level 8. HP: 58/60 MP: 8/8
  5904 | D:5      | Reached skill level 5 in Maces & Flails
  6643 | D:5      | Reached skill level 6 in Maces & Flails
  6874 | D:6      | Found a staircase to the Ecumenical Temple.
  6880 | D:6      | Noticed Pikel
  6906 | D:6      | Killed Pikel
  6907 | D:6      | Reached skill level 5 in Fighting
  6907 | D:6      | Reached skill level 7 in Maces & Flails
  6907 | D:6      | Reached skill level 5 in Armour
  6907 | D:6      | Gained mutation: Your touch may inflict minor irresistible
                  | damage on your foes. [demonic ancestry]
  6907 | D:6      | Reached XP level 9. HP: 51/68 MP: 9/9
  6978 | Temple   | Entered the Ecumenical Temple
  7016 | Temple   | Became a worshipper of Kikubaaqudgha
  7157 | D:6      | Noticed Duvessa
  7158 | D:6      | Noticed Dowan
  7166 | D:6      | Killed Duvessa
  7167 | D:6      | Killed Dowan
  8057 | D:7      | Found a runed translucent door.
  8057 | D:7      | Noticed Newt's ghost (novice KoHu)
  8067 | D:7      | Reached skill level 8 in Maces & Flails
  8357 | D:7      | Found a flagged portal.
  8369 | D:7      | Reached * piety under Kikubaaqudgha
  8369 | D:7      | Received a gift from Kikubaaqudgha
  8398 | Bailey   | Entered a bailey
  8530 | Bailey   | Noticed a kobold demonologist
  8536 | Bailey   | Noticed a rust devil
  8537 | Bailey   | Noticed a rust devil
  8547 | Bailey   | Noticed a smoke demon
  8553 | Bailey   | Killed a kobold demonologist
  8554 | Bailey   | Reached skill level 9 in Maces & Flails
  8554 | Bailey   | Gained mutation: Your demonic aura sometimes causes spilled
                  | blood to erupt in flames. [demonic ancestry]
  8554 | Bailey   | Reached XP level 10. HP: 63/76 MP: 10/10
  8608 | Bailey   | Found an iron altar of Okawaru.
  9043 | Bailey   | Reached ** piety under Kikubaaqudgha
  9372 | Bailey   | Reached skill level 1 in Stealth
  9969 | D:7      | Reached skill level 1 in Necromancy
 10084 | D:7      | Killed Newt's ghost
 10124 | D:7      | Reached skill level 10 in Maces & Flails
 10124 | D:7      | Gained mutation: Your touch may inflict irresistible damage
                  | on your foes. [demonic ancestry]
 10124 | D:7      | Reached XP level 11. HP: 85/85 MP: 11/11
 10607 | D:8      | Found Kycod's General Store.
 10615 | D:8      | Bought a scroll of poison for 48 gold pieces
 10852 | D:8      | Found a shimmering altar of Xom.
 10864 | D:8      | Found a shadowy altar of Dithmenos.
 10955 | D:8      | Found a staircase to the Lair.
 11577 | D:8      | Identified the +7 hand axe "Baskusum" {holy, rElec Int+7}
 11584 | D:8      | Found a hazy altar of Hepliaklqana.
 11644 | D:9      | Noticed Erolcha
 11659 | D:9      | Gained mutation: You have hooves in place of feet. [demonic
                  | ancestry]
 11659 | D:9      | Reached XP level 12. HP: 13/88 MP: 12/12
 11786 | D:9      | Killed Erolcha
 11900 | D:9      | Noticed Harold
 11922 | D:9      | Reached *** piety under Kikubaaqudgha
 11922 | D:9      | Received a gift from Kikubaaqudgha
 11948 | D:9      | Noticed Prince Ribbit
 11950 | D:9      | Killed Prince Ribbit
 11951 | D:9      | Reached skill level 11 in Maces & Flails
 11954 | D:9      | Reached skill level 5 in Long Blades
 11956 | D:9      | Noticed a two-headed ogre
 11957 | D:9      | Noticed a two-headed ogre
 11965 | D:10     | Entered Level 10 of the Dungeon
 11980 | D:8      | HP: 1/93 [poisoned by a kobold]
 12229 | D:8      | Killed a two-headed ogre
 12230 | D:8      | Reached skill level 1 in Axes
 12302 | D:9      | Killed Harold
 12777 | D:9      | Learned a level 1 spell: Necrotise
 12781 | D:9      | Learned a level 2 spell: Sublimation of Blood
 13001 | D:9      | Found a sparkling altar of Nemelex Xobeh.
 13340 | Lair:1   | Entered Level 1 of the Lair of Beasts
 13864 | Lair:1   | Noticed an eight-headed hydra
 13871 | Lair:1   | Killed an eight-headed hydra
 14227 | Lair:1   | Noticed a death yak
 14295 | Lair:1   | HP: 2/94 [komodo dragon (22)]
 14689 | Lair:1   | Killed a death yak
 15165 | Lair:2   | Acquired a +6 ring of strength
 15171 | Lair:2   | Acquired the +0 hat of Vehumet's Generosity {rC+ Str+3
                  | Int-5}
 15330 | Lair:2   | Reached skill level 10 in Armour
 15412 | Lair:2   | Gained mutation: Your magical and physical power is
                  | slightly enhanced at high health. [demonic ancestry]
 15412 | Lair:2   | Reached XP level 13. HP: 72/101 MP: 13/13
 16048 | Lair:3   | Reached **** piety under Kikubaaqudgha
 16214 | Lair:3   | Found a hole to the Spider Nest.
 16280 | Lair:3   | Reached skill level 12 in Maces & Flails
 16290 | Lair:3   | Noticed Sonja
 16309 | Lair:3   | Killed Sonja
 16780 | Lair:3   | Noticed Gastronok
 16792 | Lair:3   | Killed Gastronok
 17503 | Spider:1 | Entered Level 1 of the Spider Nest
 17525 | Spider:1 | Reached skill level 13 in Maces & Flails
 17766 | Spider:1 | Learned a level 3 spell: Vampiric Draining
 17794 | Spider:1 | Noticed Nikola
 17816 | Spider:1 | Killed Nikola
 17817 | Spider:1 | Reached skill level 10 in Fighting
 18001 | Spider:1 | Gained mutation: Your demonic aura often causes spilled
                  | blood to erupt in flames. [demonic ancestry]
 18001 | Spider:1 | Reached XP level 14. HP: 90/110 MP: 14/14
 18010 | Spider:1 | Reached skill level 5 in Evocations
 18795 | Spider:1 | Noticed an emperor scorpion
 18807 | Spider:1 | Reached ***** piety under Kikubaaqudgha
 18814 | Spider:1 | Killed an emperor scorpion
 20105 | Spider:2 | Noticed an emperor scorpion
 20119 | Spider:2 | Killed an emperor scorpion
 20555 | Spider:2 | Reached skill level 14 in Maces & Flails
 21358 | Spider:2 | Noticed an emperor scorpion
 21369 | Spider:2 | Killed an emperor scorpion
 21412 | Spider:2 | Slain by a tarantella

Illustrated notes

Levels and vault maps discovered:
D:1:      nzn_arrival_water_spiral, layout_rooms
D:2:      layout_basic, uniq_robin
D:3:      layout_basic, gup_sewer_entry_spiral, kennysheep_cluttered_room
D:4:      layout_basic, serial_shops, kennysheep_mini_moat, minmay_manual_mail
D:5:      layout_basic, serial_undead, serial_undead_f, serial_undead_e,
          serial_undead_e, serial_undead_b, serial_undead_b, serial_undead_c,
          serial_undead_e, serial_undead_b, serial_undead_e, serial_undead_c,
          minmay_quadrilaterals
D:6:      layout_basic, minmay_temple_entry_statues_pillars,
          chequers_serial_rivers_micro_e, uniq_duvessa, uniq_pikel
D:7:      layout_basic, hellmonk_ghost_happy_afterlife, enter_bailey_5
D:8:      wad_woods_tower, layout_basic, nicolae_hepliaklqana_monster_ancestors,
          grunt_temple_overflow_open, dpeg_oklobed_lair, serial_shops, shop
D:9:      wad_river_or_something, layout_basic, nemelex_spade_bored_becter,
          uniq_harold, uniq_erolcha, uniq_prince_ribbit1
D:10:     layout_layer_cave
Temple:   nicolae_temple_bog_church
Lair:1:   layout_regular_city, hangedman_lair_generics_rect
Lair:2:   layout_big_grid, infiniplex_staircase_pool
Lair:3:   cheibrodos_lair_overgrown_chateau, layout_gridlike,
          palyth_hydra_swamp_entry, spider_nest_entry_webs, uniq_sonja,
          uniq_gastronok
Spider:1: layout_spider_delve, hangedman_spider_tarantella_strand, uniq_nikola
Spider:2: nicolae_spider_corner, nicolae_spider_cling_halls

Skill      XL: |  1  2  3  4  5  6  7  8  9 10 11 12 13 14 |
---------------+-------------------------------------------+-----
Long Blades    | 3 4 6 |  6.2
Dodging        | 3 4 6 7 8 9 |  9.1
Armour         | 1 2 3 4 5 6 7 8 10 11 12 | 12.0
Maces & Flails | 1 2 4 7 9 10 11 13 14 | 14.3
Fighting       | 3 4 5 6 7 8 9 10 11 | 11.3
Stealth        | 3 4 |  4.5
Necromancy     | 3 4 |  4.0
Evocations     | 4 5 |  5.8
Axes           | 1 |  1.7
Throwing       | 2 4 |  4.1

Action                     |  1- 3 |  4- 6 |  7- 9 | 10-12 | 13-15 || total
---------------------------+-------+-------+-------+-------+-------++-------
  Melee: Long sword        |   113 |    40 |       |   107 |       ||   260
         Kick              |    14 |    37 |   101 |   152 |   165 ||   469
         Tailslap          |     4 |    15 |    42 |    77 |    87 ||   225
         Flail             |       |   197 |   312 |   284 |   436 ||  1229
         Punch             |       |     1 |     3 |     6 |     7 ||    17
         Touch             |       |       |    11 |    91 |    83 ||   185
         War axe           |       |       |       |    26 |       ||    26
  Throw: Javelin           |       |       |     3 |       |       ||     3
         Dart              |       |       |       |     5 |    22 ||    27
 Invoke: Unearth Wretches  |       |       |       |     4 |     1 ||     5
  Evoke: Wand              |       |       |     1 |    15 |    35 ||    51
         Condenser vane    |       |       |       |     1 |       ||     1
         Phantom mirror    |       |       |       |       |     1 ||     1
    Use: Scroll            |     4 |     9 |     4 |    18 |     5 ||    40
         Potion            |       |     5 |       |     6 |     9 ||    20
   Stab: Distracted        |       |       |       |     1 |       ||     1
         Invisible         |       |       |       |       |     3 ||     3
         Paralysed         |       |       |       |       |     4 ||     4
 Armour: Leather armour    |    37 |       |       |       |       ||    37
         Chain mail        |       |   191 |   223 |   262 |   372 ||  1048
  Dodge: Dodged            |    97 |   140 |   138 |   218 |   283 ||   876

Table legend: (Time is in decaauts)
 A = Elapsed time spent in this place.
 B = Non-inter-level travel time spent in this place.
 C = Inter-level travel time spent in this place.
 D = Time resting spent in this place.
 E = Time spent auto-exploring this place.
 F = Levels seen in this place.
 G = Mean time per level.
                   A        B        C        D        E       F      G
               +--------+--------+--------+--------+--------+-----+--------+
         Total |  21650 |  21650 |      0 |   7266 |      0 |  18 | 1202.8 |
       Dungeon |  11223 |  11223 |      0 |   2949 |      0 |  10 | 1122.3 |
        Temple |    150 |    150 |      0 |      0 |      0 |   1 |  150.0 |
          Lair |   4285 |   4285 |      0 |   1767 |      0 |   3 | 1428.3 |
   Spider Nest |   3672 |   3672 |      0 |   1823 |      0 |   2 | 1836.0 |
         Sewer |   1204 |   1204 |      0 |    260 |      0 |   1 | 1204.0 |
        Bailey |   1114 |   1114 |      0 |    466 |      0 |   1 | 1114.0 |
               +--------+--------+--------+--------+--------+-----+--------+

Top non-repeatable levels by time:
  Lair:3: 2014 daAuts
     D:2: 1984 daAuts
Spider:2: 1909 daAuts
     D:8: 1851 daAuts
Spider:1: 1763 daAuts
  Lair:1: 1694 daAuts
     D:6: 1345 daAuts
     D:9: 1308 daAuts
     D:5: 1240 daAuts
   Sewer: 1204 daAuts
  Bailey: 1114 daAuts
     D:1: 1028 daAuts
     D:4: 934 daAuts
     D:7: 900 daAuts
     D:3: 625 daAuts
